 Dungeon Crawl Stone Soup version 0.26.0-16-gc1dbca0489 (webtiles) character file.

Game seed: 6631058161429786737

1504 thiole the Sneak (level 8, -3/49 HPs)
             Began as an Octopode Hedge Wizard on Jan 20, 2021.
             Was an Initiate of Gozag.
             Slain by a smoke demon (5 damage)
             ... on level 1 of the Abyss.
             The game lasted 00:19:46 (8889 turns).

thiole the Sneak (Octopode Hedge Wizard)            Turns: 8889, Time: 00:19:46

Health: -3/49      AC:  5    Str:  9    XL:     8   Next: 82%
Magic:  5/5        EV: 17    Int: 19    God:    Gozag
Gold:   374        SH:  0    Dex: 11    Spells: 11/17 levels left

rFire    . . .     SeeInvis .   s - +4 quarterstaff of Vueblao {antimagic, rElec}
rCold    . . .     Faith    +   (shield currently unavailable)
rNeg     . . .     Spirit   .   b - +0 hat
rPois    .         Reflect  .   d - amulet of faith
rElec    +         Harm     .   f - +4 ring of protection
rCorr    +         Rampage  .   k - +4 ring of evasion
Will     .....                  y - ring of resist corrosion
Stlth    ++........             (no ring)
HPRegen  0.16/turn              (no ring)
MPRegen  0.09/turn              (no ring)
                                (no ring)
                                (no ring)

@: liquid flames, glowing
A: almost no armour, stealthy swim, amphibious, 8 rings, constrict 8, camouflage
1, gelatinous body 1
a: Renounce Religion, Potion Petition, Call Merchant, Bribe Branch


You were on level 1 of the Abyss.
You worshipped Gozag.
Gozag was aware of your devotion.
You visited 2 branches of the dungeon, and saw 7 of its levels.
You visited the Abyss 1 time.
You also visited: Ossuary.

You collected 471 gold pieces.
You paid 97 gold pieces to Gozag.

Inventory:

Hand Weapons
 a - a +0 dagger
 s - the +4 quarterstaff of Vueblao (weapon) {antimagic, rElec}
   (You found it on level 5 of the Dungeon)

   It reduces the magical energy of the wielder, and disrupts the spells and
   magical abilities of those hit.
   Natural abilities and divine invocations are not affected.
   It insulates you from electricity.
 G - a +3 dire flail of distortion
Armour
 b - a +0 hat (worn)
 D - a +0 buckler
Jewellery
 d - an amulet of faith (around mantle)
 f - a +4 ring of protection (left tentacle)
 k - a +4 ring of evasion (right tentacle)
 y - a ring of resist corrosion (on tentacle)
Wands
 l - a wand of random effects (17)
 E - a wand of polymorph (11)
 F - a wand of digging (4)
 H - a wand of acid (10)
Scrolls
 e - 5 scrolls of noise {unknown}
 g - 6 scrolls of identify
 h - 4 scrolls of remove curse
 i - 2 scrolls of blinking {unknown}
 j - 2 scrolls of fog {unknown}
 m - a scroll of enchant armour {unknown}
 o - 2 scrolls of enchant weapon {unknown}
 q - a scroll of immolation {unknown}
 r - 2 scrolls of amnesia {unknown}
 w - 2 scrolls of fear {unknown}
 C - 2 scrolls of random uselessness {unknown}
 I - a scroll of brand weapon {unknown}
Potions
 c - 2 potions of degeneration {unknown}
 n - 3 potions of invisibility {unknown}
 p - a potion of ambrosia {unknown}
 t - a potion of flight {unknown}
 u - 2 potions of resistance {unknown}
 v - 2 potions of curing {unknown}
 x - 2 potions of brilliance {unknown}
 z - 3 potions of lignification {unknown}
 A - 2 potions of mutation {unknown}
 B - a potion of haste


   Skills:
 + Level 1.7 Fighting
 - Level 2.0 Dodging
 + Level 7.3 Stealth
 + Level 1.0 Shields
 + Level 5.1 Spellcasting
 - Level 2.0 Conjurations
 + Level 3.8 Summonings
 - Level 1.0 Translocations
 - Level 5.0 Air Magic
 - Level 4.0 Poison Magic
 + Level 2.0 Evocations


You had 11 spell levels left.
You knew the following spells:

 Your Spells              Type           Power        Failure   Level
a - Magic Dart            Conj           48%          5%          1
b - Call Imp              Summ           19%          3%          2
c - Mephitic Cloud        Conj/Pois/Air  18%          9%          3

Your spell library contained the following spells:

 Spells                   Type           Power        Failure   Level
 Blink                    Tloc           N/A          12%         2
 Slow                     Hex            4%           19%         2
 Conjure Flame            Conj/Fire      8%           24%         3


Dungeon Overview and Level Annotations

Branches:
Dungeon (6/15)             Temple (1/1) D:5         Ossuary (visited)

Altars:
Ashenzari
Dithmenos
Elyvilon
Fedhas
Gozag
Qazlal
Ru
Sif Muna
Wu Jian
Yredelemnul

Annotations:
D:6 Eustachio


Innate Abilities, Weirdness & Mutations

You cannot wear most types of armour.
You are very stealthy in the water. (Stealth+)
You are amphibious.
You can wear up to eight rings at the same time.
You can use your tentacles to constrict eight enemies at once.
Your skin changes colour to match your surroundings (Stealth+).
Your rubbery body absorbs attacks. (AC +1, EV +1)


Message History

Found 15 stones and 25 gold pieces.
Found a scimitar.
The hellwing swoops through the air toward you!
The hellwing hits you! x2
Aiming: Polymorph
Press: ? - help, Shift-Dir - straight line, f - hellwing
Aim: a hellwing (will become a red devil, a neqoxec, or a smoke demon, chance to affect: 19%)
The hellwing evaporates and reforms as a smoke demon!
The smoke demon gestures at you. Something smites you!
* * * LOW HITPOINT WARNING * * *
The smoke demon gestures at you. The sticky flame hits you!
You are covered in liquid flames!
* * * LOW HITPOINT WARNING * * *
You are covered in liquid flames!
* * * LOW HITPOINT WARNING * * *
The smoke demon hits you.
You die...
Your body crumbles into a pile of gold.

......###..##.#
.......#...#..#. ≈ ...
......#.#.. #≈
...........#... #≈≈
#.....#......
≈≈≈########...≈#
.#.#.#
#...........≈≈#.... #
#....3......≈≈≈.#. .#
#...@.......♣ . ..##
≈≈≈≈....#.......#.
.##.#
#≈##......#....##..###
# #......#.....≈# .
########.....≈... .#.
#...(≈≈≈.... #.$
.≈≈♣≈#.#. #.....≈♣.≈#
#≈ #....)≈# .≈ ≈


You could see a smoke demon.

Vanquished Creatures
  Sigmund (D:2)
  Edmund (D:5)
  An ice beast (D:5)
  An elf skeleton (D:5)
  A scorpion (D:4)
  2 howler monkeys (D:5)
  A bullfrog zombie (Ossuary)
  4 hounds
  A human skeleton (D:5)
  Ijyb (D:3)
  An iguana (D:4)
  6 mummies (Ossuary)
  4 worker ants
  A killer bee zombie (Ossuary)
  A hound zombie (Ossuary)
  2 hound skeletons
  4 worker ant zombies (Ossuary)
  7 gnolls
  6 adders
  2 oozes
  4 adder zombies (Ossuary)
  A worm (D:4)
  2 dart slugs
  4 leopard geckos
  3 orcs (D:3)
  4 bats (D:1)
  A giant cockroach (D:3)
  8 goblins
  6 hobgoblins
  3 quokkas
  A frilled lizard (D:3)
  A giant cockroach zombie (Ossuary)
  A jackal zombie (Ossuary)
  4 kobolds
  2 leopard gecko skeletons (D:4)
  3 orc skeletons (D:5)
  An orc zombie (D:5)
  2 quokka zombies (Ossuary)
  5 rats (D:3)
104 creatures vanquished.

Vanquished Creatures (collateral kills)
  2 ogres
  A water moccasin zombie (Ossuary)
  A bullfrog zombie (Ossuary)
  A centaur skeleton (D:5)
  An iguana (D:4)
  2 worker ants
  A killer bee zombie (Ossuary)
  5 mummies (Ossuary)
  A worker ant zombie (Ossuary)
  6 gnolls
  An ooze (D:4)
  2 adder zombies (Ossuary)
  A worm (D:3)
  A leopard gecko (D:5)
  An orc (D:6)
  A hobgoblin (D:2)
28 creatures vanquished.

Vanquished Creatures (others)
  7 withered plants (Ossuary)
7 creatures vanquished.

Grand Total: 139 creatures vanquished

Notes
Turn   | Place    | Note
-------+----------+-------------------------------------------
     0 | D:1      | thiole the Octopode Hedge Wizard began the quest for the
                  | Orb.
     0 | D:1      | Reached XP level 1. HP: 11/11 MP: 4/4
   312 | D:1      | Reached XP level 2. HP: 5/17 MP: 1/6
   686 | D:1      | Reached skill level 3 in Stealth
   937 | D:1      | Reached XP level 3. HP: 21/21 MP: 1/7
  1549 | D:2      | Noticed Sigmund
  2011 | D:3      | Reached skill level 4 in Stealth
  2011 | D:3      | Reached XP level 4. HP: 25/27 MP: 2/9
  2061 | D:4      | Learned a level 2 spell: Call Imp
  2065 | D:4      | Learned a level 3 spell: Mephitic Cloud
  2327 | D:3      | Reached skill level 1 in Poison Magic
  2352 | D:3      | Reached skill level 1 in Air Magic
  2456 | D:3      | Noticed Ijyb
  2480 | D:3      | Killed Ijyb
  2481 | D:3      | Reached XP level 5. HP: 29/31 MP: 2/10
  3795 | D:2      | Killed Sigmund
  3796 | D:2      | Reached skill level 5 in Stealth
  3796 | D:2      | Reached XP level 6. HP: 16/36 MP: 1/11
  4495 | D:4      | Reached XP level 7. HP: 26/41 MP: 6/13
  5287 | D:4      | Found a shimmering blue altar of Sif Muna.
  5933 | D:5      | Entered Level 5 of the Dungeon
  6280 | D:5      | Found a staircase to the Ecumenical Temple.
  6303 | D:5      | Got a glimmering quarterstaff
  6333 | D:5      | Reached skill level 6 in Stealth
  6403 | D:5      | Reached XP level 8. HP: 28/46 MP: 8/14
  6473 | D:5      | Found a sand-covered staircase.
  6513 | Ossuary  | Entered an ossuary
  6927 | Ossuary  | Reached skill level 5 in Air Magic
  7355 | Ossuary  | Reached skill level 1 in Evocations
  7364 | Ossuary  | Reached skill level 1 in Fighting
  7455 | Ossuary  | Reached skill level 5 in Spellcasting
  7463 | Ossuary  | Reached skill level 7 in Stealth
  7767 | D:5      | Noticed Edmund
  7779 | D:5      | Killed Edmund
  8389 | Temple   | Entered the Ecumenical Temple
  8395 | Temple   | Became a worshipper of Gozag Ym Sagoz the Greedy
  8603 | D:6      | Reached skill level 1 in Shields
  8682 | D:6      | Found a sacrificial altar of Ru.
  8695 | D:6      | Noticed Eustachio
  8702 | D:6      | Identified the +4 quarterstaff of Vueblao {antimagic,
                  | rElec} (You found it on level 5 of the Dungeon)
  8703 | D:6      | Cast into level 1 of the Abyss (unwielding a weapon of
                  | distortion)
  8726 | Abyss:1  | Found a corrupted altar of Lugonu.
  8762 | Abyss:1  | Noticed an orange demon
  8790 | Abyss:1  | Noticed a starcursed mass
  8822 | Abyss:1  | Noticed a small abomination
  8845 | Abyss:1  | Noticed a large abomination
  8848 | Abyss:1  | Noticed a hellwing
  8857 | Abyss:1  | Noticed a glowing orange brain
  8887 | Abyss:1  | Noticed a smoke demon
  8887 | Abyss:1  | a hellwing changed into a smoke demon
  8889 | Abyss:1  | HP: 2/49 [burnt (4)]
  8889 | Abyss:1  | Slain by a smoke demon

Illustrated notes

Levels and vault maps discovered:
D:1:      amcnicky_arrival_double_pillar, layout_loops_ring, serial_glass,
          glass_columns_c, glass_columns_a
D:2:      layout_basic, tso_metal_star, uniq_sigmund
D:3:      layout_basic, uniq_ijyb
D:4:      layout_basic, lemuel_round_altar
D:5:      layout_basic, lemuel_temple_firewalk_b, serial_corexii_hall,
          chequers_hall_statues_y, chequers_hall_statues_y,
          corexii_hall_statues_x, corexii_hall_statues_i,
          nicolae_ossuary_entry_catacombs, hangedman_decor_riveting, uniq_edmund
D:6:      layout_cave_pools, kennysheep_little_box,
          nicolae_ru_sacrificial_ziggurat, serial_shops, shop, uniq_eustachio
Temple:   eino_narrow_crystal_temple
Abyss:1:  base: D:4, bh_abyss_xom_lugonu_altar, evilmike_abyss_exit_17

Skill      XL: |  1  2  3  4  5  6  7  8 |
---------------+-------------------------+-----
Stealth        | 3 4 5 6 7 |  7.3
Conjurations   | 2 |  2.0
Summonings     | 2 3 |  3.8
Poison Magic   | 1 3 4 |  4.0
Air Magic      | 1 2 3 4 5 |  5.0
Spellcasting   | 4 5 |  5.1
Evocations     | 2 |  2.0
Fighting       | 1 |  1.7
Shields        | 1 |  1.0
Dodging        | |  2.0
Translocations | |  1.0

Action                   |  1- 3 |  4- 6 |  7- 9 || total
-------------------------+-------+-------+-------++-------
Melee: Dagger            |    31 |    67 |   223 ||   321
       Constrict         |     7 |    12 |    48 ||    67
       Tentacles         |     5 |     8 |    53 ||    66
       Short sword       |    11 |       |       ||    11
 Cast: Magic Dart        |    52 |    69 |    51 ||   172
       Call Imp          |       |    23 |    56 ||    79
Evoke: Wand              |       |       |     1 ||     1
  Use: Potion            |     2 |       |       ||     2
       Scroll            |     1 |       |     1 ||     2
 Stab: Sleeping          |       |     2 |     4 ||     6
       Distracted        |       |       |     4 ||     4
Armor: Skin              |     9 |     8 |    36 ||    53
Dodge: Dodged            |    17 |    40 |   138 ||   195
